 Dungeon Crawl Stone Soup version 0.30-a0-728-gc68057be0a (webtiles) character file.

Game seed: 17702208118533138751

117 zinnoa the Chopper (level 5, 0/42 HPs)
             Began as a Human Berserker on Jan 30, 2023.
             Was a Believer of Trog.
             Slain by an orc wizard
             ... wielding a +0 dagger
              (1 damage)
             ... on level 3 of the Dungeon.
             The game lasted 00:05:35 (1597 turns).

zinnoa the Chopper (Human Berserker)                Turns: 1597, Time: 00:05:36

Health: 0/42       AC:  8    Str: 19    XL:     5   Next: 22%
Magic:  5/5        EV: 13    Int:  8    God:    Trog [**....]
Gold:   173        SH:  0    Dex: 12    Spells: 4/4 levels left

rFire   . . .      SeeInvis .    q - +0 hand axe (heavy)
rCold   . . .      Faith    .    (no shield)
rNeg    . . .      Spirit   .    o - +0 chain mail
rPois   +          Reflect  .    (no helmet)
rElec   .          Harm     .    (no cloak)
rCorr   .          Rampage  .    (no gloves)
Will    .....                    (no boots) Stlth
                                 (no amulet)
HPRegen 0.27/turn                d - +5 ring of evasion
MPRegen 0.09/turn                m - ring of poison resistance

@: no status effects
A: no striking features
a: Renounce Religion, Berserk, Trog's Hand


You were on level 3 of the Dungeon.
You worshipped Trog.
Trog was pleased with you.
You visited 1 branch of the dungeon, and saw 3 of its levels.

You collected 173 gold pieces.

Inventory:

Hand Weapons
 a - a +0 hand axe
 q - a +0 heavy hand axe (weapon)
Armour
 b - a +0 animal skin
 f - a +0 scale mail
 o - a +0 chain mail (worn)
Jewellery
 d - a +5 ring of evasion (left hand)
 m - a ring of poison resistance (right hand)
Scrolls
 c - 2 scrolls of noise {unknown}
 e - a scroll of blinking {unknown}
 i - 4 scrolls of identify {unknown}
 l - a scroll of enchant weapon {unknown}
 n - a scroll of brand weapon {unknown}
 p - a scroll of immolation {unknown}
Potions
 g - 3 potions of haste {unknown}
 h - 2 potions of heal wounds {unknown}
 j - a potion of might {unknown}
 k - a potion of brilliance {unknown}


   Skills:
 * Level 3.8 Fighting
 * Level 4.6 Axes
 + Level 2.3 Armour
 + Level 2.1 Dodging


You had 4 spell levels left.
You didn't know any spells.
Your spell library was empty.

Dungeon Overview and Level Annotations

Branches:
Dungeon (3/15)

Altars:


Message History

You miss the orc. You barely miss the orc.
A magic dart appears from out of thin air!
The magic dart hits you.
* * * LOW HITPOINT WARNING * * *
The orc priest hits you with a +0 falchion.
* * * LOW HITPOINT WARNING * * *
The orc hits you with a +0 short sword.
* * * LOW HITPOINT WARNING * * *
You're too confused to move!
You feel less confused. The orc barely misses you.
The orc priest closely misses you. The orc closely misses you.
A magic dart appears from out of thin air!
The magic dart hits you but does no damage.
You hit the orc priest.
You kill the orc priest!
Trog accepts your kill.
You hit the orc.
You kill the orc!
Trog accepts your kill.
You hit the orc.
You kill the orc!
Trog accepts your kill.
You have reached level 5!
You start resting.
Something hits you but does no damage.
You start resting.
Something hits you but does no damage.
You hear some strange, mumbled words.
A puff of flame appears from out of thin air!
The puff of flame hits you but does no damage.
Items here: (( )) ††.
q - a +0 heavy hand axe (weapon)
You slash something! Something hits you but does no damage. Something hits you.
* * * LOW HITPOINT WARNING * * *
You miss something. Something hits you but does no damage.
You hit something but do no damage. Something hits you.
* * * LOW HITPOINT WARNING * * *
Something hits you but does no damage.
You hit something but do no damage. Something hits you.
You die...

.#### .....
.....###....
..........
........#
#......# #......#
####...†..# .
#......@{)###..#
#........)......
#..........#.#..
#..............
#...............
#...............
#.............##
###.............#
#...............#


There were no monsters in sight!

Vanquished Creatures
  An orc priest (D:3)
  A gnoll (D:1)
  2 adders (D:2)
  2 dart slugs
  2 orcs (D:3)
  3 bats
  5 endoplasms
  2 giant cockroaches (D:1)
  3 goblins
  3 hobgoblins
  7 jackals
  2 quokkas
  7 ball pythons
  5 frilled lizards
  4 kobolds
  5 rats
54 creatures vanquished.

Vanquished Creatures (others)
  5 plants (D:2)
5 creatures vanquished.

Grand Total: 59 creatures vanquished

Notes
Turn   | Place    | Note
-------+----------+-------------------------------------------
     0 | D:1      | zinnoa the Human Berserker began the quest for the Orb.
     0 | D:1      | Reached XP level 1. HP: 18/18 MP: 1/1
   134 | D:1      | Reached XP level 2. HP: 20/24 MP: 2/2
   298 | D:1      | Reached XP level 3. HP: 14/29 MP: 3/3
   615 | D:1      | Reached ** piety under Trog
   753 | D:2      | Reached skill level 4 in Axes
   753 | D:2      | Reached XP level 4. HP: 37/37 MP: 4/4
  1537 | D:3      | Found a faded altar of an unknown god.
  1589 | D:3      | Reached XP level 5. HP: 3/42 MP: 5/5
  1594 | D:3      | HP: 1/42 [something (4)]
  1597 | D:3      | Slain by an orc wizard

Illustrated notes

Levels and vault maps discovered:
D:1:      scummos_arrival_checkerplants, layout_rooms, supply_closet_lemuel
D:2:      layout_loops_ring, serial_bayou_ford_a
D:3:      layout_basic, basic_ecumenical_altar, grunt_ministairs_6,
          minmay_randomly_rotated_circles

Skill      XL: |  1  2  3 |
---------------+----------+-----
Axes           | 4 |  4.6
Fighting       | |  3.8
Armour         | |  2.3
Dodging        | |  2.1

Action                     |  1- 3 |  4- 6 || total
---------------------------+-------+-------++-------
  Melee: Hand axe          |    91 |    59 ||   150
 Armour: Scale mail        |    28 |     5 ||    33
         Animal skin       |     1 |       ||     1
         Chain mail        |       |    17 ||    17
  Dodge: Dodged            |    85 |    53 ||   138

Table legend: (Time is in decaauts)
 A = Elapsed time spent in this place.
 B = Non-inter-level travel time spent in this place.
 C = Inter-level travel time spent in this place.
 D = Time resting spent in this place.
 E = Time spent auto-exploring this place.
 F = Levels seen in this place.
 G = Mean time per level.
                   A        B        C        D        E       F      G
               +--------+--------+--------+--------+--------+-----+--------+
         Total |   1627 |   1510 |    117 |      9 |   1142 |   3 |  542.3 |
       Dungeon |   1627 |   1510 |    117 |      9 |   1142 |   3 |  542.3 |
               +--------+--------+--------+--------+--------+-----+--------+

Top non-repeatable levels by time:
     D:2: 822 daAuts
     D:1: 690 daAuts
     D:3: 114 daAuts
